AoeStats
← Vanilla

Arabia

510799566Analyzed
2v2 RM · 19h ago on Oct 2, 2026· 26m 1s· 4 players
Game mode
Random Map
Map size
Medium (4 player)
Population
200
Speed
Normal
Resources
Standard
Victory
Conquest
Starting age
Dark Age
Ending age
Imperial Age
RankedLock teamsTeams togetherTeam positionsShared explorationLock speedFull tech treeHidden civsTurbo modeCheats
Victory
Defeat
🇨🇳 Japanese · China
1101
+13
🇨🇳 Maya · China
962
+19
🇩🇪 Muisca · Germany
1074
-18
🇩🇪 Varangians · Germany
975
-14
Flomingo
8:07 Loom
11:18 Feudal Age
12:21 Double-Bit Axe
13:47 Fletching
16:44 Horse Collar
17:25 Padded Archer Armor
18:51 Wheelbarrow
22:32 Castle Age
20:01 Champi Runner
20:45 Scale Mail Armor
22:38 Crossbowman
23:52 Thumb Ring
23:45 Bodkin Arrow
Dark Pepe
8:03 Loom
11:03 Feudal Age
16:31 Bloodlines
21:14 Forging
25:30 Castle Age
Vanilla
7:43 Loom
9:44 Feudal Age
11:40 Double-Bit Axe
16:23 Wheelbarrow
15:31 Horse Collar
16:18 Fletching
21:11 Castle Age
19:51 Padded Archer Armor
22:21 Thumb Ring
21:36 Crossbowman
22:14 Bodkin Arrow
22:34 Leather Archer Armor
小离爱吃糖
10:00 Feudal Age
10:26 Man-at-Arms
15:08 Arson
17:59 Double-Bit Axe
17:57 Horse Collar
22:56 Forging
22:47 Scale Mail Armor
27:41 Castle Age
Connection lost

Rejoining the realm…

Still unreachable

The connection could not be restored.

Session expired

The server has moved on; the page needs a fresh start.